 Dungeon Crawl Stone Soup version 0.29-a0-887-gcbe080d7e0 (webtiles) character file.

Game seed: 8424404305824211428

583 Pooter the Trooper (level 7, -6/96 HPs)
             Began as a Minotaur Berserker on July 21, 2022.
             Was a Believer of Trog.
             Mangled by a gnoll bouda
             ... wielding a +0 mace
              (7 damage)
             ... on level 4 of the Dungeon.
             The game lasted 00:11:10 (3111 turns).

Pooter the Trooper (Minotaur Berserker)             Turns: 3111, Time: 00:11:10

Health: -6/96      AC:  5    Str: 24    XL:     7   Next: 14%
Magic:  0/6        EV: 12    Int:  4    God:    Trog [**....]
Gold:   107        SH:  0    Dex:  9    Spells: 6/6 levels left

rFire   . . .      SeeInvis .   s - +0 halberd
rCold   + . .      Faith    .   (shield currently unavailable)
rNeg    . . .      Spirit   +   k - +0 ring mail
rPois   .          Reflect  .   (helmet restricted)
rElec   .          Harm     .   (no cloak)
rCorr   .          Rampage  .   (no gloves)
Will    .....                   (no boots)
Stlth   ..........              G - amulet of guardian spirit
HPRegen 0.26/turn               n - +4 ring of slaying
MPRegen 0.10/turn               I - ring of protection from cold

@: berserking (expiring), weakened, very quick
A: horns 2, retaliatory headbutt
a: Renounce Religion, Berserk, Trog's Hand


You were on level 4 of the Dungeon.
You worshipped Trog.
Trog was pleased with you.
You visited 1 branch of the dungeon, and saw 4 of its levels.

You collected 107 gold pieces.

Inventory:

Hand Weapons
 a - a +0 hand axe
 l - a +0 quarterstaff
   (You found it on level 2 of the Dungeon)
 s - a +0 halberd (weapon)
   (You took it off a gnoll on level 4 of the Dungeon)
Missiles
 g - 13 poisoned darts (quivered)
 p - 2 boomerangs
 r - a throwing net {!f}
 Q - 10 stones
Armour
 k - a +0 ring mail (worn)
   (You found it on level 2 of the Dungeon)
Jewellery
 d - a ring of flight
   (You found it on level 1 of the Dungeon)
 n - a +4 ring of slaying (left hand)
   (You found it on level 3 of the Dungeon)
 G - an amulet of guardian spirit (around neck)
   (You found it on level 3 of the Dungeon)
 I - a ring of protection from cold (right hand)
   (You found it on level 2 of the Dungeon)
Wands
 f - a wand of flame (26)
   (You took it off Duvessa on level 4 of the Dungeon)
Scrolls
 e - a scroll of teleportation {unknown}
 m - a scroll of identify {unknown}
 o - a scroll of fog {unknown}
 q - a scroll of enchant weapon {unknown}
 t - a scroll of magic mapping {unknown}
Potions
 b - a potion of brilliance {unknown}
 c - a potion of heal wounds {unknown}
 h - a potion of lignification {unknown}
 i - 2 potions of curing {unknown}
 j - 2 potions of haste {unknown}
 u - a potion of mutation {unknown}


   Skills:
 * Level 6.9 Fighting
 + Level 5.4 Axes
 - Level 2.4 Armour
 + Level 4.2 Dodging
 + Level 2.8 Stealth
 + Level 0.0 Evocations


You had 6 spell levels left.
You didn't know any spells.
Your spell library was empty.

Dungeon Overview and Level Annotations

Branches:
Dungeon (4/15)
 Temple: D:4-7

Altars:
Wu Jian


Innate Abilities, Weirdness & Mutations

You have a pair of horns on your head.
You reflexively headbutt those who attack you in melee.


Message History

The orc barely misses you.
The gnoll bouda barks out a call to the hunt!
The gnoll picks up the pace!
You barely miss the gnoll bouda. Your headbutt misses the gnoll bouda.
The gnoll hits you from afar with a +0 spear.
* * * LOW HITPOINT WARNING * * *
You slash the gnoll bouda!
The gnoll bouda utters an invocation to its god.
The gnoll bouda is healed somewhat.
The orc hits you with a +0 flail.
* * * LOW HITPOINT WARNING * * *
The gnoll closely misses you.
Unknown command.
You barely miss the gnoll bouda.
The orc priest looks encouraged for a moment.
The gnoll bouda hits you with a +0 mace!
* * * LOW MAGIC WARNING * * *
* * * LOW HITPOINT WARNING * * *
The gnoll hits you from afar with a +0 spear.
* * * LOW HITPOINT WARNING * * *
Found a club.
The orc wizard barely misses you.
The gnoll bouda hits you with a +0 mace.
* * * LOW HITPOINT WARNING * * *
You barely miss the orc wizard.
Unknown command.
You closely miss the orc wizard.
The orc priest invokes the aid of Beogh against you.
Beogh smites you!
* * * LOW MAGIC WARNING * * *
* * * LOW HITPOINT WARNING * * *
The gnoll bouda hits you with a +0 mace!
* * * LOW HITPOINT WARNING * * *
The orc barely misses you.
Unknown command.
You barely miss the orc wizard.
The gnoll hits you from afar with a +0 spear.
* * * LOW MAGIC WARNING * * *
* * * LOW HITPOINT WARNING * * *
The orc wizard misses you. The gnoll bouda barely misses you.
The orc barely misses you. You furiously retaliate!
You headbutt the orc!
You kill the orc!
Trog accepts your kill.
You hit the orc wizard. Your headbutt misses the orc wizard.
The gnoll hits you from afar with a +0 spear.
* * * LOW MAGIC WARNING * * *
* * * LOW HITPOINT WARNING * * *
The orc priest looks satisfied for a moment.
The orc wizard hits you with a +0 dagger.
* * * LOW HITPOINT WARNING * * *
The gnoll bouda hits you with a +0 mace!
You die...

... .. ## .) .# #####.
.# ### ..... .# ..# ##
#####..###.######.# #.
.......g)g......#.#####.
.####o@#)#####.#.##....
##o#.gg.##.#.##.>..
#..###.##.#.##...#
o.....g.............
#####.#.#.##.#.##...#
#...#.##.#.###... ##.
#..<.#.# ####
#..######.. # # #.# #


You could see a gnoll bouda, an orc priest, an orc wizard and a gnoll (swift).

Vanquished Creatures
  Grinder (D:4)
  Duvessa (D:4)
  A phantom (D:4)
  Dowan (D:4)
  5 gnolls (D:4)
  2 adders (D:2)
  An ufetubus (D:4)
  4 worms
  6 dart slugs
  5 orcs
  6 endoplasms
  A goblin (D:4)
  11 hobgoblins
  A kobold (D:2)
  3 quokkas
  7 ball pythons
  2 bats
  A frilled lizard (D:2)
  9 rats
68 creatures vanquished.

Vanquished Creatures (others)
  A fungus (D:1)
1 creature vanquished.

Grand Total: 69 creatures vanquished

Notes
Turn   | Place    | Note
-------+----------+-------------------------------------------
     0 | D:1      | Pooter the Minotaur Berserker began the quest for the Orb.
     0 | D:1      | Reached XP level 1. HP: 19/19 MP: 0/0
    35 | D:1      | Found a faded altar of an unknown god.
    55 | D:1      | Reached XP level 2. HP: 24/27 MP: 1/1
    57 | D:1      | Reached skill level 4 in Fighting
   280 | D:1      | Reached ** piety under Trog
   413 | D:1      | Reached XP level 3. HP: 24/33 MP: 2/2
  1073 | D:2      | Found an ornate altar of the Wu Jian Council.
  1090 | D:2      | Reached skill level 1 in Stealth
  1684 | D:2      | Reached XP level 4. HP: 41/41 MP: 3/3
  2883 | D:4      | Reached skill level 5 in Fighting
  2899 | D:4      | Reached XP level 5. HP: 48/48 MP: 4/4
  2924 | D:4      | Noticed a phantom
  2929 | D:4      | Killed a phantom
  2959 | D:4      | Noticed Grinder
  2971 | D:4      | Killed Grinder
  2972 | D:4      | Reached skill level 6 in Fighting
  2972 | D:4      | Reached skill level 5 in Axes
  2972 | D:4      | Reached XP level 6. HP: 58/58 MP: 5/5
  2977 | D:4      | Noticed Duvessa
  3039 | D:4      | Killed Duvessa
  3040 | D:4      | Reached XP level 7. HP: 64/64 MP: 6/6
  3059 | D:4      | Noticed Dowan
  3065 | D:4      | Killed Dowan
  3111 | D:4      | HP: 3/96 [gnoll/+0 spear[a gnoll bouda] (4)]
  3111 | D:4      | HP: 1/96 [orc wizard/+0 dagger (2)]
  3111 | D:4      | Mangled by a gnoll bouda

Illustrated notes

Levels and vault maps discovered:
D:1:      nicolae_arrival_washed_ashore, layout_basic,
          dreamdust_ecumenical_altar_grove, nrook_mini_vaults
D:2:      layout_basic, basic_altar, serial_aquarium, aquarium_bridge_straight
          [aquarium_subvault_bridge, aquarium_subvault_balcony,
          aquarium_subvault_bridge, aquarium_subvault_wall], aquarium_window_1,
          aquarium_window_1, aquarium_window_1, aquarium_view_2b,
          aquarium_pool_side
D:3:      minmay_skewed_foursquare, layout_basic
D:4:      layout_basic, portal_sewer_entry_e, st_stairs_8, uniq_duvessa,
          uniq_grinder

Skill      XL: |  1  2  3  4  5  6 |
---------------+-------------------+-----
Fighting       | 4 5 6 |  6.9
Axes           | 4 5 |  5.4
Stealth        | 1 2 |  2.8
Dodging        | 3 4 |  4.2
Armour         | |  2.4

Action                   |  1- 3 |  4- 6 |  7- 9 || total
-------------------------+-------+-------+-------++-------
Melee: Hand axe          |    58 |       |       ||    58
       Headbutt          |    13 |     8 |       ||    21
       Quarterstaff      |    17 |    38 |       ||    55
       Halberd           |       |     9 |    13 ||    22
Throw: Dart              |       |     3 |       ||     3
Invok: Berserk           |     1 |     3 |     1 ||     5
       Trog's Hand       |       |     2 |     1 ||     3
 Stab: Sleeping          |     1 |       |       ||     1
       Distracted        |       |       |     1 ||     1
Armor: Animal skin       |     7 |       |       ||     7
       Ring mail         |    19 |    12 |     3 ||    34
Dodge: Dodged            |    49 |    28 |    15 ||    92

Table legend: (Time is in decaauts)
 A = Elapsed time spent in this place.
 B = Non-inter-level travel time spent in this place.
 C = Inter-level travel time spent in this place.
 D = Time resting spent in this place.
 E = Time spent auto-exploring this place.
 F = Levels seen in this place.
 G = Mean time per level.
                   A        B        C        D        E       F      G
               +--------+--------+--------+--------+--------+-----+--------+
         Total |   3176 |   3044 |    132 |    200 |   2263 |   4 |  794.0 |
       Dungeon |   3176 |   3044 |    132 |    200 |   2263 |   4 |  794.0 |
               +--------+--------+--------+--------+--------+-----+--------+

Top non-repeatable levels by time:
     D:2: 1159 daAuts
     D:3: 1043 daAuts
     D:1: 740 daAuts
     D:4: 232 daAuts
